 Dungeon Crawl Stone Soup version 0.31-b1-17-gcfd88c8481 (webtiles) character file.

Game seed: 3254052061532660920

49 Arctor the Vexing (level 3, 0/28 HPs)
             Began as a Gnoll Hexslinger on Jan 16, 2024.
             Slain by Sigmund
             ... wielding a +0 heavy scythe
              (23 damage)
             ... on level 3 of the Dungeon.
             The game lasted 00:00:46 (1362 turns).

Arctor the Vexing (Gnoll Hexslinger)                Turns: 1362, Time: 00:00:48

Health: 0/28       AC:  2    Str:  7    XL:     3   Next: 77%
Magic:  7/7        EV: 14    Int: 12    God:
Gold:   121        SH:  0    Dex: 16    Spells: 7/7 levels left

rFire   . . .        a - +1 sling
rCold   . . .        (no shield)
rNeg    . . .        c - +0 robe
rPois   .            (no helmet)
rElec   .            (no cloak)
rCorr   .            (no gloves)
SInv    .            (no boots)
Will    .....        (no amulet)
Stlth   ++           (no ring)
HPRegen 0.24/turn    (no ring)
MPRegen 0.10/turn

%: no passive effects
@: no status effects
A: fangs 1, strong nose, distributed training
a: no special abilities


You were on level 3 of the Dungeon.
You visited 1 branch of the dungeon, and saw 3 of its levels.

You collected 121 gold pieces.

Inventory:

Hand Weapons
 a - a +1 sling (weapon)
Armour
 c - a +0 robe (worn)
Jewellery
 f - a +4 ring of protection
Scrolls
 b - a scroll of poison
Potions
 d - 2 potions of curing {unknown}
 e - a potion of enlightenment {unknown}
 g - 2 potions of invisibility {unknown}
 h - a potion of lignification {unknown}
 i - a potion of berserk rage {unknown}
 j - a potion of heal wounds {unknown}
 l - a potion of brilliance {unknown}


   Skills:
 + Level 2.6 Fighting
 + Level 1.0 Short Blades
 + Level 1.0 Long Blades
 + Level 1.0 Axes
 + Level 1.0 Maces & Flails
 + Level 1.0 Polearms
 + Level 1.0 Staves
 + Level 4.6 Ranged Weapons
 + Level 1.0 Throwing
 + Level 1.0 Armour
 + Level 4.6 Dodging
 + Level 1.0 Stealth
 + Level 1.0 Shields
 + Level 1.0 Unarmed Combat
 + Level 2.9 Spellcasting
 + Level 0.7 Conjurations
 + Level 5.4 Hexes
 + Level 0.7 Summonings
 + Level 0.7 Necromancy
 + Level 0.7 Translocations
 + Level 2.1 Fire Magic
 + Level 0.7 Ice Magic
 + Level 0.7 Air Magic
 + Level 0.7 Earth Magic
 + Level 0.7 Alchemy
 + Level 1.0 Invocations
 + Level 1.0 Evocations
 + Level 0.8 Shapeshifting


You had 7 spell levels left.
You didn't know any spells.
Your spell library contained the following spells:

 Spells                   Type           Power      Damage    Failure   Level
 Jinxbite                 Hex            28%        N/A       4%          2
 Sigil of Binding         Hex            14%        N/A       8%          3
 Tukima's Dance           Hex            14%        N/A       8%          3
 Inner Flame              Hex/Fire       10%        N/A       16%         3
 Cause Fear               Hex            7%         N/A       26%         4
 Dimensional Bullseye     Hex/Tloc       4%         N/A       56%         4
 Iskenderun's Mystic Bla  Conj/Tloc      3%         2d3       88%         4


Dungeon Overview and Level Annotations

Branches:
Dungeon (3/15)

Altars:

Annotations:
D:3 Sigmund


Innate Abilities, Weirdness & Mutations

You have very sharp teeth.
Your uncanny sense of smell can sniff out nearby items.
Your experience applies equally to all skills.


Message History

A giant cockroach is nearby!
You shoot a sling bullet.
The sling bullet closely misses the giant cockroach.
A giant cockroach is nearby!
A giant cockroach is nearby!
You shoot a sling bullet.
The sling bullet hits the giant cockroach but does no damage.
The giant cockroach is heavily wounded.
The giant cockroach completely misses you.
You shoot a sling bullet.
The sling bullet hits the giant cockroach.
You kill the giant cockroach!
You see here a giant cockroach corpse.
Things that are here:
a +0 club; a goblin corpse Sigmund the Dreaded comes into view.
He is wielding a +0 heavy scythe.
You see here a wand of mindburst (12).
You shoot a sling bullet. The sling bullet hits Sigmund.
Sigmund shouts!
Sigmund is lightly wounded.
Sigmund is nearby!
Sigmund is nearby!
You shoot a sling bullet. The sling bullet hits Sigmund.
Sigmund is moderately wounded.
Sigmund is nearby!
You shoot a sling bullet. The sling bullet hits Sigmund.
Sigmund is heavily wounded.
Sigmund is nearby!
You shoot a sling bullet. The sling bullet hits Sigmund.
Sigmund is heavily wounded.
You shoot a sling bullet. The sling bullet hits Sigmund.
Sigmund is severely wounded.
You shoot a sling bullet. The sling bullet hits Sigmund!
Sigmund is almost dead.
Sigmund casts a spell at you. The magic dart hits you.
Sigmund hits you from afar with a +0 heavy scythe!!
Ouch! That really hurt!
You die...
Sigmund begins carving another notch in his scythe.

.. #..........
..######......†$...
..................
∆#..........>.... .
#.................
#..#!@.........# ...
...............# ..# ##
#...@)†....# #.####.
.$............# #.#....
......$.......####...##.
........#...............
........######.....####.
........# #...###.####.
..#..........####.....##
..#.......... #.....##
..... #.......


You could see Sigmund.

Vanquished Creatures
  2 adders (D:2)
  A ribbon worm (D:2)
  3 ball pythons
  5 endoplasms
  3 giant cockroaches
  5 goblins
  2 hobgoblins
  2 bats
  A frilled lizard (D:2)
  3 kobolds
  A rat (D:2)
28 creatures vanquished.

Notes
Turn   | Place    | Note
-------+----------+-------------------------------------------
     0 | D:1      | Arctor the Gnoll Hexslinger began the quest for the Orb.
     0 | D:1      | Reached XP level 1. HP: 17/17 MP: 4/4
   210 | D:1      | Reached XP level 2. HP: 23/23 MP: 5/5
  1077 | D:2      | Reached XP level 3. HP: 21/28 MP: 7/7
  1081 | D:2      | Reached skill level 1 in Invocations
  1340 | D:3      | Reached skill level 1 in Short Blades
  1340 | D:3      | Reached skill level 1 in Long Blades
  1340 | D:3      | Reached skill level 1 in Axes
  1340 | D:3      | Reached skill level 1 in Maces & Flails
  1340 | D:3      | Reached skill level 1 in Polearms
  1340 | D:3      | Reached skill level 1 in Staves
  1340 | D:3      | Reached skill level 1 in Throwing
  1340 | D:3      | Reached skill level 1 in Armour
  1340 | D:3      | Reached skill level 1 in Stealth
  1340 | D:3      | Reached skill level 1 in Shields
  1340 | D:3      | Reached skill level 1 in Unarmed Combat
  1340 | D:3      | Reached skill level 1 in Evocations
  1356 | D:3      | Noticed Sigmund
  1362 | D:3      | Slain by Sigmund

Illustrated notes

Levels and vault maps discovered:
D:1:      onia_arrival_mini_spirals, layout_rooms, serial_glass,
          glass_columns_a, glass_columns_a, glass_columns_a, glass_columns_c,
          glass_columns_b, st_stairs_6
D:2:      layout_loops_cross, minmay_ruptured
D:3:      layout_rooms, uniq_sigmund

Skill      XL: |  1  2  3 |
---------------+----------+-----
Fire Magic     | 2 |  2.1
Invocations    | 1 |  1.0
Short Blades   | 1 |  1.0
Long Blades    | 1 |  1.0
Axes           | 1 |  1.0
Maces & Flails | 1 |  1.0
Polearms       | 1 |  1.0
Staves         | 1 |  1.0
Throwing       | 1 |  1.0
Armour         | 1 |  1.0
Stealth        | 1 |  1.0
Shields        | 1 |  1.0
Unarmed Combat | 1 |  1.0
Evocations     | 1 |  1.0
Fighting       | |  2.6
Ranged Weapons | |  4.6
Dodging        | |  4.6
Spellcasting   | |  2.9
Conjurations   | |  0.7
Hexes          | |  5.4
Summonings     | |  0.7
Necromancy     | |  0.7
Translocations | |  0.7
Ice Magic      | |  0.7
Air Magic      | |  0.7
Earth Magic    | |  0.7
Alchemy        | |  0.7
Shapeshifting  | |  0.8

Action                     || total
---------------------------++-------
   Fire: Sling             ||    89
    Use: Scroll            ||     2
 Armour: Robe              ||    13
  Dodge: Dodged            ||    13
